average elo of team game's but when kt cooks it does it well ( mainly vs infrantry was )

Match 40309057
End
Vickers Machine Gun Team
Construct Section Command Post
Selects Air and Sea Battlegroup
Infantry Section
ML 3-inch Mortar Team
Construct Platoon Command Post
Infantry Section
Humber Armored Car
Selects Commando Section Paradrop
Selects M1 Pack Howitzer Paradrop
Selects Supply Surplus
Grenade Package
CMP 15cwt Truck
6-pounder Anti-tank Gun Team
M1 Pack Howitzer Paradrop
Construct Company Command Post
Vickers Machine Gun Team
Matilda II Heavy Tank
Selects Incendiary Bombing Run
Matilda II Heavy Tank
Armored Vehicle Training
Selects UNKNOWN (223837)
Unlock Bishop Self-propelled Artillery
Unlock M3 Grant Medium Tanks
Bishop Self-propelled Artillery
Selects Assault Flares
Team Weapon Training
Assault Flares
Incendiary Bombing Run
Infantry Training
Light Vehicle Training
Unlock Towed 17-pounder Anti-tank Guns
Assault Flares
17-pounder Anti-tank Gun Team
Incendiary Bombing Run
Assault Flares
Infantry Section
Royal Engineer Section
6-pounder Anti-tank Gun Team
Dodo
POUP
ILuvSilicon
DragonLTU
AfroNinja
ImNotProPlayerr
0
0

Comments sign in to comment!

No comments posted yet!